 Dungeon Crawl Stone Soup version 0.29.0-4-gdea44cf6ec (webtiles) character file.

Game seed: 16780079423744916053

1373 qw the Cleaver (level 8, -1/71 HPs)
             Began as a Minotaur Fighter on Sept 4, 2022.
             Slain by a gnoll sergeant
             ... wielding a +6 vampiric trident
              (12 damage)
             ... on level 6 of the Dungeon.
             The game lasted 00:02:22 (5892 turns).

qw the Cleaver (Minotaur Fighter)                   Turns: 5892, Time: 00:02:23

Health: -1/71      AC:  9    Str: 22    XL:     8   Next: 39%
Magic:  7/7        EV:  9    Int:  5    God:
Gold:   205        SH:  7    Dex: 17    Spells: 7/7 levels left

rFire   . . .      SeeInvis .   Y - +0 war axe
rCold   . . .      Faith    .   n - +2 buckler
rNeg    . . .      Spirit   .   e - +0 chain mail
rPois   .          Reflect  .   (helmet restricted)
rElec   .          Harm     .   (no cloak)
rCorr   .          Rampage  .   (no gloves)
Will    .....                   (no boots)
Stlth   ..........              (no amulet)
HPRegen 0.21/turn               a - +6 ring of dexterity
MPRegen 0.10/turn               (no ring)

@: about to teleport
A: horns 2, retaliatory headbutt
a: no special abilities


You were on level 6 of the Dungeon.
You visited 1 branch of the dungeon, and saw 6 of its levels.

You collected 273 gold pieces.
You spent 68 gold pieces at shops.


Innate Abilities, Weirdness & Mutations

You have a pair of horns on your head.
You reflexively headbutt those who attack you in melee.


   Skills:
 - Level 6.6 Fighting
 + Level 10.5 Axes
 - Level 3.6 Armour
 - Level 3.4 Dodging
 - Level 3.6 Shields


You had 7 spell levels left.
You didn't know any spells.
Your spell library was empty.

Inventory:

Hand Weapons
 i - a +0 morningstar of protection
 Y - a +0 war axe (weapon)
Armour
 e - a +0 chain mail (worn)
 n - a +2 buckler (worn)
Jewellery
 a - a +6 ring of dexterity (left hand)
Potions
 b - a potion of haste {unknown}
 c - a potion of resistance {unknown}
 d - a potion of might
 f - a potion of attraction {unknown}
 g - a potion of lignification {unknown}
 h - a potion of curing
 k - a potion of heal wounds {unknown}
 m - a potion of mutation {unknown}

Dungeon Overview and Level Annotations

Branches:
Dungeon (6/15)
 Temple: D:4-7

Altars:
Elyvilon
Nemelex Xobeh
The Shining One

Shops:
D:3 ((   D:4 [


Message History

You closely miss the gnoll.
The gnoll sergeant hits you with a +6 vampiric trident!
The gnoll sergeant draws strength from your wounds!
You hit the gnoll sergeant but do no damage.
The gnoll sergeant is heavily wounded.
You barely miss the gnoll. The gnoll closely misses you.
The gnoll sergeant hits you with a +6 vampiric trident.
The gnoll sergeant draws strength from your wounds!
You hit the gnoll sergeant.
The gnoll sergeant is heavily wounded.
You hit the gnoll. You slash the gnoll! You block the gnoll's attack.
The gnoll barely misses you. You furiously retaliate!
You headbutt the gnoll!
The gnoll sergeant hits you with a +6 vampiric trident!
The gnoll sergeant draws strength from your wounds!
You closely miss the gnoll.
The gnoll is almost dead.
You hit the gnoll but do no damage. You hit the gnoll sergeant.
The gnoll hits you with a +0 flail. You block the gnoll's attack.
The gnoll sergeant hits you with a +6 vampiric trident!
The gnoll sergeant draws strength from your wounds!
You hit the gnoll but do no damage.
The gnoll is almost dead.
You hit the gnoll. You barely miss the gnoll sergeant. You hit the gnoll.
You kill the gnoll!
The gnoll barely misses you. The gnoll closely misses you.
You block the gnoll sergeant's attack.
You hit the gnoll but do no damage. You headbutt the gnoll.
You kill the gnoll!
You hit the gnoll. You completely miss the gnoll sergeant. You slash the orc!
You kill the orc!
The gnoll sergeant hits you with a +6 vampiric trident!
The gnoll sergeant draws strength from your wounds!
You block the gnoll's attack.
5892 ||| READING scroll of teleportation.
As you read the scroll of teleportation, it crumbles to dust.
You feel strangely unstable.
The gnoll sergeant hits you with a +6 vampiric trident!
You die...

###########
#.........#
#.?.......###o#
#........!...g#
#....g....#
#...@g...)#
#...)).>.<#
..$...#####..#
#..#... .....(
##.##.##.....[.
# #.##.#..##..
..#....# .##
......# .#
####. #


You could see a gnoll sergeant and a gnoll.

Vanquished Creatures
  A wraith (D:5)
  Eustachio (D:5)
  Menkaure (D:5)
  2 ice beasts (D:5)
  2 phantoms
  Blork the orc (D:4)
  3 hounds (D:5)
  A jelly (D:5)
  Jessica (D:2)
  Natasha (thrice) (D:4)
  4 iguanas
  7 gnolls
  6 adders
  An ufetubus (D:5)
  A worm (D:4)
  6 dart slugs
  13 orcs
  8 bats
  3 endoplasms
  4 giant cockroaches
  7 goblins
  8 hobgoblins
  7 jackals (D:1)
  6 quokkas
  10 ball pythons
  15 frilled lizards
  5 kobolds
  5 rats
132 creatures vanquished.

Vanquished Creatures (others)
  A fungus (D:1)
  9 plants
10 creatures vanquished.

Grand Total: 142 creatures vanquished

Notes
Turn   | Place    | Note
-------+----------+-------------------------------------------
     0 | D:1      | qw the Minotaur Fighter began the quest for the Orb.
     0 | D:1      | Reached XP level 1. HP: 19/19 MP: 0/0
     0 | D:1      | 0 ||| qw: Version: 0.1-a-103-gd6f5d3a
     0 | D:1      | 0 ||| qw: Game counter: 5502
     0 | D:1      | 0 ||| qw: Always use a shield: true
     0 | D:1      | 0 ||| qw: God list: Ru
     0 | D:1      | 0 ||| qw: Allow faded altars: false
     0 | D:1      | 0 ||| qw: Do Orc after D:15 true
     0 | D:1      | 0 ||| qw: Do second Lair branch before Depths: true
     0 | D:1      | 0 ||| qw: Lair rune preference: random
     0 | D:1      | 0 ||| qw: Plans: Normal
     0 | D:1      | 0 ||| PLANNING D:1-11
    97 | D:1      | Reached skill level 3 in Axes
   242 | D:1      | 242 ||| Stepping ~*~*~tactically~*~*~ (hiding).
   246 | D:1      | Reached XP level 2. HP: 26/26 MP: 1/1
   645 | D:1      | Reached skill level 4 in Axes
   746 | D:1      | Reached XP level 3. HP: 31/31 MP: 2/2
  1155 | D:1      | Found a faded altar of an unknown god.
  1270 | D:1      | 1270 ||| UPGRADING to +0 chain mail.
  1280 | D:1      | 1280 ||| DROPPING +0 scale mail.
  1281 | D:1      | 1281 ||| READING scroll labelled JIMINO DAAKKATZ.
  1282 | D:1      | 1282 ||| READING scroll labelled VECZEU LUZE.
  1457 | D:2      | Noticed Jessica
  1466 | D:2      | Killed Jessica
  1467 | D:2      | Reached skill level 5 in Axes
  1467 | D:2      | Reached XP level 4. HP: 28/39 MP: 3/3
  1570 | D:2      | 1570 ||| Stepping ~*~*~tactically~*~*~ (stealth).
  1967 | D:2      | Reached skill level 1 in Dodging
  2100 | D:2      | 2100 ||| UPGRADING to +6 ring of dexterity.
  2101 | D:2      | 2101 ||| DRINKING 2 yellow potions.
  2102 | D:2      | 2102 ||| DROPPING potion of flight.
  2134 | D:3      | Found a white marble altar of Elyvilon.
  2134 | D:3      | Found Panosk's Weapon Shoppe.
  2140 | D:3      | 2140 ||| Stepping ~*~*~tactically~*~*~ (hiding).
  2152 | D:3      | 2152 ||| BUYING +0 morningstar of protection (68 gold).
  2152 | D:3      | Bought a +0 morningstar of protection for 68 gold pieces
  2152 | D:3      | 2152 ||| DROPPING +0 club.
  2201 | D:3      | Found Aplitur's Weapon Emporium.
  2400 | D:3      | Found a sparkling altar of Nemelex Xobeh.
  2401 | D:3      | Found a glowing golden altar of the Shining One.
  2595 | D:3      | 2595 ||| FLEEEEING.
  2715 | D:3      | 2715 ||| Stepping ~*~*~tactically~*~*~ (stealth).
  2727 | D:3      | Reached skill level 6 in Axes
  2804 | D:3      | 2804 ||| UPGRADING to +2 buckler.
  2814 | D:3      | 2814 ||| DROPPING +0 buckler.
  2815 | D:3      | 2815 ||| READING scroll labelled BUGGAW PUFASEDGH.
  2820 | D:3      | 2820 ||| READING scroll labelled UXZYFOROIN.
  2821 | D:3      | 2821 ||| READING scroll labelled ZIV OBLIHURCHE.
  2822 | D:3      | 2822 ||| DRINKING 2 lumpy white potions.
  2823 | D:3      | 2823 ||| DRINKING 2 glowing golden potions.
  2824 | D:3      | 2824 ||| DROPPING potion of degeneration.
  2825 | D:3      | 2825 ||| Stepping randomly (stuck).
  2826 | D:3      | 2826 ||| Stepping ~*~*~tactically~*~*~ (cloud).
  2977 | D:4      | Found Plog's Antique Armour Emporium.
  2985 | D:4      | Reached XP level 5. HP: 21/45 MP: 4/4
  2985 | D:4      | 2985 ||| STAIRDANCE
  3152 | D:4      | 3152 ||| SHOPLISTING cloak (139 gold, have 108).
  3152 | D:4      | 3152 ||| SHOPLISTING embroidered scarf (248 gold, have
                  | 108).
  3152 | D:4      | 3152 ||| SHOPLISTING shiny plate armour (806 gold, have
                  | 108).
  3152 | D:4      | 3152 ||| SHOPLISTING twisted scale mail (279 gold, have
                  | 108).
  3236 | D:4      | 3236 ||| FLEEEEING.
  3309 | D:4      | 3309 ||| Stepping ~*~*~tactically~*~*~ (hiding).
  3416 | D:4      | Noticed Natasha
  3417 | D:4      | 3417 ||| Stepping ~*~*~tactically~*~*~ (stealth).
  3427 | D:4      | 3427 ||| Stepping ~*~*~tactically~*~*~ (stealth).
  3433 | D:4      | 3433 ||| Stepping ~*~*~tactically~*~*~ (stealth).
  3435 | D:4      | 3435 ||| Stepping ~*~*~tactically~*~*~ (hiding).
  3443 | D:4      | Killed Natasha
  3463 | D:4      | Noticed Natasha
  3464 | D:4      | 3464 ||| FLEEEEING.
  3467 | D:4      | 3467 ||| FLEEEEING.
  3468 | D:4      | 3468 ||| FLEEEEING.
  3479 | D:4      | 3479 ||| FLEEEEING.
  3480 | D:4      | 3480 ||| FLEEEEING.
  3481 | D:4      | 3481 ||| FLEEEEING.
  3483 | D:4      | 3483 ||| STAIRDANCE
  3491 | D:3      | 3491 ||| DRINKING 2 bubbling inky potions.
  3596 | D:3      | 3596 ||| DROPPING potion of berserk rage.
  3600 | D:4      | 3600 ||| Stepping ~*~*~tactically~*~*~ (hiding).
  3604 | D:4      | Killed Natasha
  3605 | D:4      | Reached skill level 7 in Axes
  3758 | D:4      | 3758 ||| Stepping ~*~*~tactically~*~*~ (hiding).
  3847 | D:4      | Noticed Natasha
  3848 | D:4      | 3848 ||| Stepping ~*~*~tactically~*~*~ (stealth).
  3859 | D:4      | Killed Natasha
  3860 | D:4      | Reached XP level 6. HP: 52/52 MP: 5/5
  4004 | D:4      | 4004 ||| Stepping ~*~*~tactically~*~*~ (stealth).
  4005 | D:4      | 4005 ||| Stepping ~*~*~tactically~*~*~ (stealth).
  4036 | D:4      | Noticed Blork the orc
  4037 | D:4      | 4037 ||| Stepping ~*~*~tactically~*~*~ (stealth).
  4040 | D:4      | 4040 ||| Stepping ~*~*~tactically~*~*~ (stealth).
  4058 | D:4      | Killed Blork the orc
  4059 | D:4      | Reached skill level 8 in Axes
  4407 | D:4      | 4407 ||| READING scroll labelled SIOL LOGEU.
  4415 | D:5      | Entered Level 5 of the Dungeon
  4483 | D:5      | Noticed Menkaure
  4484 | D:5      | 4484 ||| Stepping ~*~*~tactically~*~*~ (hiding).
  4487 | D:5      | 4487 ||| Stepping ~*~*~tactically~*~*~ (hiding).
  4494 | D:5      | Killed Menkaure
  4495 | D:5      | Reached skill level 3 in Dodging
  4495 | D:5      | Reached XP level 7. HP: 18/59 MP: 6/6
  4512 | D:5      | 4512 ||| Stepping ~*~*~tactically~*~*~ (stealth).
  4784 | D:5      | Reached skill level 9 in Axes
  4853 | D:5      | 4853 ||| Stepping ~*~*~tactically~*~*~ (hiding).
  4856 | D:5      | 4856 ||| Stepping ~*~*~tactically~*~*~ (hiding).
  5081 | D:5      | Noticed Eustachio
  5121 | D:5      | 5121 ||| FLEEEEING.
  5122 | D:5      | 5122 ||| FLEEEEING.
  5123 | D:5      | 5123 ||| FLEEEEING.
  5138 | D:5      | HP: 14/59 [Eustachio/+0 rapier (3)]
  5139 | D:5      | 5139 ||| READING scroll of teleportation.
  5141 | D:5      | Killed Eustachio
  5144 | D:5      | 5144 ||| FLEEEEING.
  5145 | D:5      | 5145 ||| FLEEEEING.
  5146 | D:5      | 5146 ||| FLEEEEING.
  5147 | D:5      | 5147 ||| FLEEEEING.
  5148 | D:5      | 5148 ||| FLEEEEING.
  5149 | D:5      | 5149 ||| FLEEEEING.
  5150 | D:5      | 5150 ||| FLEEEEING.
  5153 | D:5      | 5153 ||| FLEEEEING.
  5154 | D:5      | 5154 ||| FLEEEEING.
  5155 | D:5      | 5155 ||| FLEEEEING.
  5156 | D:5      | 5156 ||| FLEEEEING.
  5157 | D:5      | 5157 ||| FLEEEEING.
  5158 | D:5      | 5158 ||| FLEEEEING.
  5159 | D:5      | 5159 ||| FLEEEEING.
  5160 | D:5      | 5160 ||| FLEEEEING.
  5161 | D:5      | 5161 ||| FLEEEEING.
  5162 | D:5      | 5162 ||| FLEEEEING.
  5163 | D:5      | 5163 ||| FLEEEEING.
  5164 | D:5      | 5164 ||| FLEEEEING.
  5165 | D:5      | 5165 ||| FLEEEEING.
  5166 | D:5      | 5166 ||| FLEEEEING.
  5169 | D:5      | 5169 ||| FLEEEEING.
  5172 | D:5      | 5172 ||| FLEEEEING.
  5174 | D:5      | 5174 ||| FLEEEEING.
  5175 | D:5      | 5175 ||| FLEEEEING.
  5176 | D:5      | 5176 ||| FLEEEEING.
  5177 | D:5      | 5177 ||| FLEEEEING.
  5179 | D:5      | 5179 ||| FLEEEEING.
  5180 | D:5      | 5180 ||| STAIRDANCE
  5367 | D:4      | 5367 ||| DROPPING scarf of invisibility.
  5368 | D:4      | 5368 ||| READING scroll labelled TUIM FETEU.
  5434 | D:5      | 5434 ||| Stepping ~*~*~tactically~*~*~ (stealth).
  5500 | D:5      | Noticed a wraith
  5519 | D:5      | 5519 ||| Stepping ~*~*~tactically~*~*~ (stealth).
  5520 | D:5      | 5520 ||| Stepping ~*~*~tactically~*~*~ (stealth).
  5527 | D:5      | Reached XP level 8. HP: 69/69 MP: 7/7
  5530 | D:5      | Reached skill level 10 in Axes
  5589 | D:5      | 5589 ||| Stepping ~*~*~tactically~*~*~ (stealth).
  5598 | D:5      | Reached skill level 6 in Fighting
  5858 | D:5      | 5858 ||| READING scroll labelled IMANGI UHITZOA.
  5871 | D:6      | 5871 ||| Stepping ~*~*~tactically~*~*~ (hiding).
  5891 | D:6      | HP: 10/71 [gnoll sergeant/+6 vampiric trident (10)]
  5892 | D:6      | 5892 ||| READING scroll of teleportation.
  5892 | D:6      | Slain by a gnoll sergeant

Levels and vault maps discovered:
D:1:      nicolae_arrival_somewhat_less_tricky_arrival, layout_loops_corners,
          shapermc_ecumenical_altar_mp_urbaneastern
D:2:      layout_basic, minmay_tetromino_t2, uniq_jessica
D:3:      layout_basic, gammafunk_temple_overflow_forgotten, serial_shops,
          nicolae_shop_crystal, shop, mrwooster_statue_mirror,
          minmay_lizard_king
D:4:      layout_basic, serial_shops, nicolae_diamond_shop, uniq_blork_the_orc,
          uniq_natasha
D:5:      minmay_clustersquares, layout_basic, uniq_menkaure, uniq_eustachio
D:6:      minmay_diamond_boxcup, layout_rooms, lemuel_round_altar,
          minmay_temple_entry_offerings, grunt_ministairs_12, uniq_duvessa

Skill      XL: |  1  2  3  4  5  6  7  8 |
---------------+-------------------------+-----
Axes           | 3 4 5 6 7 8 9 10 | 10.5
Dodging        | 1 3 |  3.4
Fighting       | 4 5 6 |  6.6
Armour         | |  3.6
Shields        | |  3.6

Action                   |  1- 3 |  4- 6 |  7- 9 || total
-------------------------+-------+-------+-------++-------
Melee: War axe           |    66 |   148 |   104 ||   318
       Headbutt          |     7 |    18 |    15 ||    40
Throw: Boomerang         |       |     7 |       ||     7
  Use: Scroll            |     2 |     4 |     4 ||    10
       Potion            |       |     4 |       ||     4
Armor: Scale mail        |    18 |       |       ||    18
       Chain mail        |     7 |    43 |    49 ||    99
       Skin              |       |     1 |       ||     1
Dodge: Dodged            |    28 |    29 |    52 ||   109
Block: Buckler           |    16 |    21 |    38 ||    75

Table legend:
 A = Non-vault XP
 B = Vault XP
 C = Vault XP percentage of total XP
 D = Non-vault monster count
 E = Vault monster count
 F = Vault count percentage of total count
                 A         B        C        D         E       F
            +---------+---------+-------+---------+---------+-------
      Total |     910 |    1052 |  53.6 |     106 |      26 |  19.7
            +---------+---------+-------+---------+---------+-------
        D:1 |      56 |       0 |   0.0 |      30 |       0 |   0.0
        D:2 |      36 |      39 |  52.0 |      15 |       2 |  11.8
        D:3 |      36 |      11 |  23.4 |      14 |      11 |  44.0
        D:4 |     366 |     127 |  25.8 |      33 |       2 |   5.7
        D:5 |     265 |     875 |  76.8 |       9 |      11 |  55.0
        D:6 |     151 |       0 |   0.0 |       5 |       0 |   0.0
            +---------+---------+-------+---------+---------+-------
